 Seeded DCSS version 0.30.0-17-ge0270778cf (webtiles) character file.

Game seed: 18007716519941398942 (custom seed)

3598 drewk1942 the Magician (level 10, -13/70 HPs)
             Began as a Djinni Fire Elementalist on May 10, 2023.
             Was an Initiate of Ashenzari.
             Mangled by Gastronok (35 damage)
             ... on level 8 of the Dungeon on May 22, 2023.
             The game lasted 00:22:22 (8219 turns).

drewk1942 the Magician (Djinni Fire Elementalist)   Turns: 8219, Time: 00:22:23

Health: -13/70     AC:  9    Str: 10    XL:     10   Next: 32%
Gold:   1751       EV: 14    Int: 20    God:    Ashenzari [......] SH:  0 Dex: 13

rFire   + + +        s - +2 hand axe "Plog" {drain, +Blink rCorr}
rCold   x x .        (no shield)
rNeg    + + .        a - +0 robe
rPois   ∞            (no helmet)
rElec   .            (no cloak)
rCorr   +            o - +2 pair of gloves {infuse}
SInv    .            (boots unavailable)
Will    .....        f - amulet of the acrobat
Stlth   +++          p - ring "Dupukeuw" {Fire rN++ Will- Str+3 Int-2}
HPRegen 0.31/turn    x - +4 ring of protection
MPRegen 0.00/turn

%: acrobat, infuse magic (-14 HP)
@: flying
A: sickness immunity, fire resistance 2, cold vulnerability 1, float, innate
caster, HP casting, extra vitality 1
a: Renounce Religion, Evoke Blink


You were on level 8 of the Dungeon.
You worshipped Ashenzari.
Ashenzari was noncommittal.
You visited 2 branches of the dungeon, and saw 9 of its levels.

You collected 1751 gold pieces.

Inventory:

Hand Weapons
 n - a +1 long sword of freezing
 s - the +2 hand axe "Plog" (weapon) {drain, +Blink rCorr}
   (You found it on level 2 of the Dungeon)

   +Blink:    It lets you blink.
   rCorr:     It protects you from acid and corrosion.
Missiles
 g - 42 poisoned darts
 C - 6 atropa-tipped darts
Armour
 a - a +0 robe (worn)
 o - a +2 pair of gloves of infusion (worn)
Jewellery
 d - an amulet of faith
 f - an amulet of the acrobat (around neck)
 p - the ring "Dupukeuw" (left hand) {Fire rN++ Will- Str+3 Int-2}
   (You acquired it on level 2 of the Dungeon)

   [ring of fire]

   It enhances your fire magic.
   Str:       It affects your strength (+3).
   Int:       It affects your intelligence (-2).
   rF:        It protects you from fire.
   rC:        It makes you vulnerable to cold.
   rN:        It greatly protects you from negative energy.
   Will:      It decreases your willpower.
 u - a ring of willpower
 x - a +4 ring of protection (right hand)
 y - a ring of positive energy
Wands
 E - a wand of polymorph (13)
 H - a wand of mindburst (11)
Scrolls
 b - a scroll of magic mapping
 j - a scroll of enchant armour
 k - a scroll of brand weapon
 r - a scroll of identify
 t - 3 scrolls of amnesia
 w - 2 scrolls of fog
 A - a scroll of torment
 F - 2 scrolls of teleportation
Potions
 c - 2 potions of berserk rage
 e - 4 potions of attraction
 h - a potion of curing
 i - a potion of invisibility {unknown}
 l - 2 potions of heal wounds {unknown}
 m - a potion of might
 q - a potion of haste
 v - a potion of resistance {unknown}
 I - 3 potions of degeneration {unknown}
Miscellaneous
 B - a piece from Xom's chessboard (15/15)


   Skills:
 + Level 5.3 Fighting
 - Level 0.2 Long Blades
 + Level 6.6 Dodging
 + Level 5.3 Stealth
 - Level 0.1 Unarmed Combat
 * Level 7.1 Spellcasting
 + Level 5.2 Evocations


You knew the following spells:

 Your Spells              Type           Power      Damage    Failure   Level
a - Foxfire               Conj/Fire      100%       2x1d9     1%          1
b - Scorch                Fire           100%       2d9       1%          2
c - Volatile Blastmotes   Fire/Tloc      100%       2d18      1%          3
d - Inner Flame           Hex/Fire       52%        N/A       1%          3
e - Flame Wave            Conj/Fire      52%        2d13      4%          4
f - Apportation           Tloc           70%        N/A       1%          1
g - Poisonous Vapours     Pois/Air       70%        N/A       1%          2
h - Ignite Poison         Fire/Tmut/Pois 52%        N/A       1%          3
i - Teleport Other        Tloc           35%        N/A       1%          3
Your spell library was empty.

Dungeon Overview and Level Annotations

Branches:
Dungeon (8/15)             Temple (1/1) D:7
   Lair: D:8-11

Altars:
Ashenzari
Dithmenos
Elyvilon
Fedhas
Gozag
Hepliaklqana
Nemelex Xobeh
Qazlal
Ru
Trog
Uskayaw
Wu Jian
Xom
Yredelemnul
Zin
The Shining One

Shops:
D:2 :   D:6 ?   D:7 (

Annotations:
D:8 Gastronok


Innate Abilities, Weirdness & Mutations

You are immune to sickness and miasma.
You are immune to poison.
Your flesh is very heat resistant. (rF++)
You are vulnerable to cold. (rC-)
You float through the air rather than walking.
You learn spells naturally, not from books.
Your magical power is your life essence.
You have superior vitality. (+4 MHP)


Message History

Confirm with . or Enter, or press ? or * to list all spells.
You feel a surge of power!
Flames lash the gnoll sergeant.
The gnoll sergeant is moderately wounded.
The gnoll sergeant's fire resistance burns away.
Casting: Scorch (safe; 1% risk of failure)
Confirm with . or Enter, or press ? or * to list all spells.
You feel a surge of power!
Flames lash the gnoll sergeant.
The gnoll sergeant is burned terribly!
The gnoll sergeant is almost dead.
Gastronok bites you!!
The gnoll sergeant completely misses you.
There is a stone staircase leading up here.
Casting: Scorch (safe; 1% risk of failure)
Confirm with . or Enter, or press ? or * to list all spells.
You feel a surge of power!
Flames lash Gastronok.
Gastronok is burned terribly!
Gastronok is heavily wounded.
You hear a shout!
Casting: Scorch (safe; 1% risk of failure)
Confirm with . or Enter, or press ? or * to list all spells.
You feel a surge of power!
Flames lash the gnoll sergeant.
The gnoll sergeant is burned terribly!
You kill the gnoll sergeant!
Casting: Scorch (safe; 1% risk of failure)
Confirm with . or Enter, or press ? or * to list all spells.
You feel a surge of power!
Flames lash the gnoll.
The gnoll is lightly wounded.
The gnoll's fire resistance burns away.
You hear a shout!
Casting: Scorch (safe; 1% risk of failure)
Confirm with . or Enter, or press ? or * to list all spells.
You feel a surge of power!
Flames lash the gnoll.
The gnoll is burned terribly!
You kill the gnoll!
Casting: Scorch (safe; 1% risk of failure)
Confirm with . or Enter, or press ? or * to list all spells.
You feel a surge of power!
Flames lash Gastronok.
Gastronok is burned terribly!
Gastronok is heavily wounded.
* * * LOW HITPOINT WARNING * * *
Gastronok bites you!!
Ouch! That really hurt!
You die...

.. .. #.
##. .
#..#####..$
#....gg....
#g.# #w##
#.@# ####


You could see Gastronok (combustible) and a gnoll.

Vanquished Creatures
  A kobold demonologist (D:6)
  Grinder (D:5)
  Eustachio (D:6)
  A water moccasin (D:6)
  2 ice beasts (D:7)
  A black bear (D:6)
  3 ogres
  3 centaurs
  3 phantoms (D:5)
  2 kobold brigands (D:7)
  Blork the orc (D:4)
  2 gnoll sergeants
  2 bullfrogs
  2 scorpions (D:4)
  8 wights
  2 jellies
  3 gnoll boudas
  An orc priest (D:6)
  3 hounds
  A sleepcap (D:4)
  Crazy Yiuf (D:7)
  3 iguanas
  Ijyb (D:5)
  2 orc wizards (D:6)
  24 gnolls
  4 adders
  6 shadow imps
  2 white imps
  3 worms (D:2)
  4 dart slugs
  11 orcs
  3 bats
  10 endoplasms
  3 giant cockroaches
  11 goblins
  A hobgoblin (D:1)
  6 jackals
  4 quokkas
  7 ball pythons
  4 frilled lizards
  20 kobolds
  6 rats
  2 butterflies (D:3)
181 creatures vanquished.

Vanquished Creatures (others)
  667 foxfires
667 creatures vanquished.

Grand Total: 848 creatures vanquished

Notes
Turn   | Place    | Note
-------+----------+-------------------------------------------
     0 | D:1      | drewk1942 the Djinni Fire Elementalist began the quest for
                  | the Orb.
     0 | D:1      | drewk1942 set off with the following spells memorised:
                  | Foxfire, Scorch, Volatile Blastmotes, Inner Flame, Flame
                  | Wave.
     0 | D:1      | Reached XP level 1. HP: 15/15 MP: 0/0
    55 | D:1      | Reached XP level 2. HP: 14/21 MP: 0/0
   411 | D:1      | Reached skill level 3 in Spellcasting
   435 | D:1      | Reached XP level 3. HP: 23/25 MP: 0/0
   435 | D:1      | Learned a level 1 spell: Apportation
   827 | D:1      | Found a faded altar of an unknown god.
   827 | D:1      | Noticed a neqoxec
  1366 | D:2      | Reached XP level 4. HP: 28/31 MP: 0/0
  1635 | D:2      | Found Lemucar's Book Boutique.
  1636 | D:2      | Identified 3 scrolls of acquirement
  1636 | D:2      | Acquired 1371 gold pieces
  1638 | D:2      | Acquired the ring "Dupukeuw" {Fire rN++ Will- Str+3 Int-2}
  1639 | D:2      | Acquired a +1 pair of gloves of infusion
  1690 | D:2      | Identified the +2 hand axe "Plog" {drain, +Blink rCorr}
  2304 | D:3      | Found a shimmering altar of Xom.
  2376 | D:3      | Found a glowing silver altar of Zin.
  2713 | D:3      | Found a glowing golden altar of the Shining One.
  2723 | D:3      | Found a stormy altar of Qazlal.
  3119 | D:4      | Noticed Blork the orc
  3126 | D:4      | Killed Blork the orc
  3127 | D:4      | Reached skill level 1 in Fighting
  3127 | D:4      | Reached XP level 5. HP: 27/37 MP: 0/0
  3127 | D:4      | Learned a level 2 spell: Poisonous Vapours
  3131 | D:4      | Upgraded the game from 0.30.0-5-g1a98f26d00 to
                  | 0.30.0-15-g856e2d3f33
  3207 | D:4      | Reached skill level 4 in Spellcasting
  3207 | D:4      | Reached skill level 1 in Evocations
  3207 | D:4      | Reached XP level 6. HP: 36/42 MP: 0/0
  3388 | D:4      | Found an ornate altar of the Wu Jian Council.
  3665 | D:4      | Found a sparkling altar of Nemelex Xobeh.
  3788 | D:5      | Entered Level 5 of the Dungeon
  3796 | D:5      | Reached XP level 7. HP: 35/49 MP: 0/0
  3796 | D:5      | Learned a level 3 spell: Ignite Poison
  3821 | D:5      | Noticed Grinder
  3929 | D:5      | Paralysed by Grinder for 4 turns
  3934 | D:5      | Paralysed by Grinder for 2 turns
  3939 | D:5      | Killed Grinder
  3942 | D:5      | Noticed Ijyb
  3949 | D:5      | Killed Ijyb
  4126 | D:5      | Reached XP level 8. HP: 47/55 MP: 0/0
  4169 | D:5      | Reached skill level 5 in Spellcasting
  4831 | D:5      | Reached XP level 9. HP: 50/62 MP: 0/0
  4831 | D:5      | Learned a level 3 spell: Teleport Other
  4836 | D:5      | Reached skill level 5 in Dodging
  5030 | D:5      | Found a sacrificial altar of Ru.
  5260 | D:6      | Found a basalt altar of Yredelemnul.
  5319 | D:6      | Reached skill level 6 in Spellcasting
  5577 | D:6      | Noticed Eustachio
  5585 | D:6      | Killed Eustachio
  5887 | D:6      | Found Bevuivysk's Magic Scroll Shop.
  6368 | D:6      | Noticed a kobold demonologist
  6371 | D:6      | Noticed a rust devil
  6372 | D:6      | Killed a kobold demonologist
  6665 | D:7      | Reached XP level 10. HP: 66/69 MP: 0/0
  6863 | D:7      | Found a staircase to the Ecumenical Temple.
  6880 | D:7      | Found Voneir's Antique Weapon Shop.
  6891 | Temple   | Entered the Ecumenical Temple
  7034 | Temple   | Upgraded the game from 0.30.0-15-g856e2d3f33 to
                  | 0.30.0-17-ge0270778cf
  7046 | Temple   | Became a worshipper of Ashenzari the Shackled
  7201 | D:7      | Reached skill level 5 in Fighting
  7201 | D:7      | Reached skill level 5 in Stealth
  7231 | D:7      | Found a bloodstained altar of Trog.
  7299 | D:7      | Reached skill level 5 in Evocations
  7302 | D:7      | Reached skill level 7 in Spellcasting
  7539 | D:7      | HP: 3/70 [ice beast (18)]
  7887 | D:7      | Found a runed translucent door.
  7888 | D:7      | Noticed Crazy Yiuf
  8075 | D:7      | Killed Crazy Yiuf
  8203 | D:8      | Noticed Gastronok
  8219 | D:8      | Mangled by Gastronok

Illustrated notes

Levels and vault maps discovered:
D:1:      psy_arrival_dodecagon, layout_basic,
          dreamdust_ecumenical_altar_sealed_demon
D:2:      layout_loops_cross, serial_shops, shop, minmay_misc_feat_cross,
          glass_columns_c, minmay_ruptured
D:3:      layout_basic, xom_butterflies, nicolae_qazlal_scattered_showers,
          nicolae_overflow_crystal_walls, tso_oasis_becter
D:4:      layout_cave_pools, kennysheep_mini, nicolae_wu_jian_wuxing_cycle,
          serial_column_ruins, column_ruins_circle_small, column_ruins_grid_3,
          column_ruins_open_large, column_ruins_grid_1, column_ruins_grid_1,
          column_ruins_open_tiny, chequers_hall_statues_wall_a,
          chequers_serial_rivers_micro_c, uniq_blork_the_orc
D:5:      minmay_evil_eye, layout_rooms, nicolae_ru_the_path_less_chosen,
          uniq_ijyb, uniq_grinder
D:6:      layout_basic, mainiacjoe_overflow_paths, serial_shops,
          nicolae_shop_tiny_statue_garden, uniq_eustachio
D:7:      layout_basic, trog_three_pillars_becter,
          minmay_temple_entry_antechambers, serial_shops, shop,
          patterned_corridor, uniq_crazy_yiuf_cottage
D:8:      layout_basic, mainiacjoe_overflow_brackets, minmay_misc_feat_rows,
          uniq_erica, uniq_gastronok
Temple:   hellmonk_temple_forest_ring

Skill      XL: |  1  2  3  4  5  6  7  8  9 10 |
---------------+-------------------------------+-----
Spellcasting   | 3 4 5 6 7 |  7.1
Fighting       | 1 2 3 4 5 |  5.3
Stealth        | 2 3 4 5 |  5.3
Dodging        | 3 4 6 |  6.6
Evocations     | 1 2 3 4 5 |  5.2
Long Blades    | |  0.2
Unarmed Combat | |  0.1

Action                     |  1- 3 |  4- 6 |  7- 9 | 10-12 || total
---------------------------+-------+-------+-------+-------++-------
  Melee: Unarmed           |    13 |       |       |       ||    13
         Long sword        |     1 |    21 |       |       ||    22
         Hand axe          |       |    13 |    17 |       ||    30
         Punch             |       |     2 |       |       ||     2
   Cast: Foxfire           |    97 |   113 |   135 |    55 ||   400
         Scorch            |       |     9 |    58 |    39 ||   106
         Volatile Blastmot |       |     1 |     2 |     1 ||     4
         Poisonous Vapours |       |       |     2 |     7 ||     9
         Ignite Poison     |       |       |     1 |     3 ||     4
    Use: Scroll            |       |     4 |    16 |       ||    20
         Potion            |       |       |       |     1 ||     1
   Stab: Sleeping          |       |       |     1 |       ||     1
 Armour: Robe              |     1 |     8 |    14 |     4 ||    27
  Dodge: Dodged            |    12 |    35 |    43 |    15 ||   105
